 Dungeon Crawl Stone Soup version 0.30.1-11-g7821555f0a (webtiles) character file.

Game seed: 12763373674042838750

248 jagang the Slasher (level 6, -4/49 HPs)
             Began as a Barachi Monk on Nov 10, 2023.
             Slain by an ogre
             ... wielding a +0 giant club
              (12 damage)
             ... on level 4 of the Dungeon.
             The game lasted 00:06:35 (2811 turns).

jagang the Slasher (Barachi Monk)                   Turns: 2811, Time: 00:06:36

Health: -4/49      AC:  7    Str: 13    XL:     6   Next: 12%
Magic:  6/6        EV: 10    Int: 10    God:
Gold:   226        SH:  0    Dex: 16    Spells: 5/5 levels left

rFire   + . .        o - +0 long sword
rCold   . . .        d - orb {light}
rNeg    . . .        u - +0 scale mail
rPois   .            p - +0 helmet
rElec   .            (no cloak)
rCorr   .            (no gloves)
SInv    .            (no boots)
Will    .....        (no amulet) Stlth
                     v - ring of protection from fire
HPRegen 0.28/turn    (no ring)
MPRegen 0.10/turn

%: no passive effects
@: unable to hop, glowing, slow
A: amphibious, slowness 1, strong legs 1, +LOS
a: Hop


You were on level 4 of the Dungeon.
You visited 1 branch of the dungeon, and saw 4 of its levels.

You collected 226 gold pieces.

Inventory:

Hand Weapons
 o - a +0 long sword (weapon)
Missiles
 f - 4 boomerangs (quivered)
 i - 10 poisoned darts
Armour
 d - an orb of light (worn)
 p - a +0 helmet (worn)
 u - a +0 scale mail (worn)
Jewellery
 v - a ring of protection from fire (left hand)
Scrolls
 e - a scroll of blinking
 l - a scroll of vulnerability
 m - a scroll of teleportation
 n - 2 scrolls of fear
 r - a scroll of magic mapping
 s - a scroll of immolation {unknown}
Potions
 a - a potion of degeneration {unknown}
 c - a potion of ambrosia
 g - a potion of attraction {unknown}
 h - 2 potions of heal wounds {unknown}
 j - 4 potions of curing {unknown}
 k - 2 potions of magic {unknown}
 q - a potion of might {unknown}
 t - a potion of flight {unknown}
 w - a potion of mutation {unknown}
 x - a potion of lignification {unknown}
 z - a potion of haste {unknown}


   Skills:
 + Level 4.7 Fighting
 * Level 5.6 Long Blades
 + Level 1.2 Throwing
 + Level 2.7 Armour
 + Level 4.3 Dodging


You had 5 spell levels left.
You didn't know any spells.
Your spell library contained the following spells:

 Spells                   Type           Power      Damage    Failure   Level
 Ozocubu's Armour         Ice            0%         N/A       99%         3
 Metabolic Englaciation   Hex/Ice        0%         N/A       100%        5
 Simulacrum               Ice/Necr       0%         N/A       100%        6


Dungeon Overview and Level Annotations

Branches:
Dungeon (4/15)
 Temple: D:4-7

Altars:
Elyvilon
Vehumet


Innate Abilities, Weirdness & Mutations

You are amphibious.
You cover ground slowly.
You can hop short distances.
You have an extended range of vision and can be seen from far away.


Message History

The iguana closely misses you.
The iguana bites you but does no damage.
You barely miss the iguana.
The iguana is severely wounded.
The iguana bites you but does no damage.
You slash the iguana!
You kill the iguana!
You have reached level 6!
Found a stone staircase leading down.
i - 10 poisoned darts (gained 3)
An ogre comes into view. It is wielding a +0 giant club.
The ogre shouts!
You throw a boomerang.
The boomerang hits the ogre but does no damage.
You throw a boomerang.
The boomerang hits the ogre but does no damage.
The ogre hits you with a +0 giant club!!
You hit the ogre.
The ogre is moderately wounded.
You hit the ogre.
The ogre is moderately wounded.
The ogre hits you with a +0 giant club!
You are too injured to fight recklessly!
Hop to where?
Press: ? - help, Dir - move target, p - ogre Boing!
You see here an iguana corpse.
You hit the ogre.
The ogre is heavily wounded.
The ogre closely misses you.
You hit the ogre.
The ogre is heavily wounded.
You hit the ogre but do no damage.
The ogre is heavily wounded.
The ogre hits you with a +0 giant club!
* * * LOW HITPOINT WARNING * * *
You hit the ogre.
The ogre is severely wounded.
The ogre hits you with a +0 giant club!
You die...

##(###.#.#.## #.# #.#
#....[# #.# #.#
#.#.#.# #.# #.#
#.#.#.# #.#
#.###.#.#.##########.#
#....................#
#####.#.##.###########
#.#.##.# #.#@##.#
#.#O##.#
##.######.#.##.#
..........#.##.#
##.#######.#.#.#
#.###..# #..#.###
#.#.## #.#.#


You could see an ogre.

Vanquished Creatures
  A sleepcap (D:4)
  An iguana (D:4)
  Robin (D:2)
  3 gnolls (D:2)
  6 adders
  4 worms (D:2)
  5 dart slugs
  3 orcs (D:3)
  4 endoplasms
  2 giant cockroaches
  14 goblins
  7 hobgoblins
  6 kobolds
  2 quokkas
  6 ball pythons
  6 bats
  2 frilled lizards
  9 rats
82 creatures vanquished.

Notes
Turn   | Place    | Note
-------+----------+-------------------------------------------
     0 | D:1      | jagang the Barachi Monk began the quest for the Orb.
     0 | D:1      | Reached XP level 1. HP: 18/18 MP: 1/1
   101 | D:1      | Found a faded altar of an unknown god.
   104 | D:1      | Reached XP level 2. HP: 25/25 MP: 2/2
   119 | D:1      | Reached skill level 4 in Long Blades
   172 | D:1      | Reached skill level 1 in Armour
   392 | D:1      | Reached XP level 3. HP: 25/30 MP: 3/3
   809 | D:2      | Found a white marble altar of Elyvilon.
   833 | D:2      | Reached XP level 4. HP: 29/37 MP: 4/4
   931 | D:2      | Noticed Robin
   959 | D:2      | Killed Robin
   962 | D:2      | Reached skill level 5 in Long Blades
  1184 | D:2      | Reached XP level 5. HP: 43/43 MP: 5/5
  1593 | D:3      | Found a radiant altar of Vehumet.
  2196 | D:3      | Reached skill level 1 in Throwing
  2766 | D:4      | Reached XP level 6. HP: 49/49 MP: 6/6
  2811 | D:4      | Slain by an ogre

Illustrated notes

Levels and vault maps discovered:
D:1:      saegor_arrival_simple_b, layout_basic,
          shapermc_ecumenical_altar_pompeii
D:2:      layout_loops_ring, basic_altar, uniq_robin
D:3:      minmay_inner_zag, layout_loops_corners, old_standard_altar,
          serial_glass, glass_columns_b, glass_columns_c, due_unseen_surprise,
          minmay_strange_pillars, minmay_strange_pillars
D:4:      layout_loops_ring, nicolae_gozag_zags_fifth_avenue, uniq_eustachio

Skill      XL: |  1  2  3  4  5 |
---------------+----------------+-----
Long Blades    | 4 5 |  5.6
Armour         | 1 2 |  2.7
Fighting       | 4 |  4.7
Dodging        | 4 |  4.3
Throwing       | 1 |  1.2

Action                     |  1- 3 |  4- 6 || total
---------------------------+-------+-------++-------
  Melee: Dagger            |    74 |       ||    74
         Falchion          |     1 |       ||     1
         Long sword        |    15 |   122 ||   137
  Throw: Boomerang         |       |    45 ||    45
Ability: Hop               |       |     1 ||     1
    Use: Scroll            |       |     7 ||     7
 Armour: Robe              |     4 |       ||     4
         Leather armour    |     9 |    20 ||    29
         Scale mail        |       |    21 ||    21
  Dodge: Dodged            |    42 |    72 ||   114
